 Dungeon Crawl Stone Soup version 0.21.1 (webtiles) character file.

78 Monsterracer the Ruffian (level 4, -3/35 HPs)
             Began as a Draconian Arcane Marksman on Feb 2, 2018.
             Killed from afar by an orc wizard (5 damage)
             ... with a puff of flame
             ... on level 2 of the Dungeon.
             The game lasted 00:02:44 (1822 turns).

Monsterracer the Ruffian (DrAM)                     Turns: 1822, Time: 00:02:45

Health: -3/35      AC:  5    Str: 12    XL:     4   Next: 15%
Magic:  5/5        EV: 13    Int: 15    God:
Gold:   62         SH:  0    Dex: 11    Spells: 4/5 levels left

rFire    . . .     SeeInvis .     - Unarmed
rCold    . . .     Gourm    .   (no shield)
rNeg     + . .     Faith    .   (armour unavailable)
rPois    .         Spirit   .   (helmet restricted)
rElec    .         Reflect  .   (no cloak)
rCorr    .         Harm     .   (no gloves)
MR       .....                  (no boots)
Stlth    +.........             (no amulet)
HPRegen  0.11/turn              i - ring of positive energy {!d}
MPRegen  0.09/turn              k - +1 ring of evasion

@: no status effects
A: unfitting armour, cold-blooded, AC +5
a: no special abilities


You were on level 2 of the Dungeon.
You were not hungry.

You visited 1 branch of the dungeon, and saw 3 of its levels.

You collected 62 gold pieces.

Inventory:

Missiles
 b - 4 javelins (quivered)
 d - a throwing net
Jewellery
 i - a ring of positive energy (left hand) {!d}
 k - a +1 ring of evasion (right hand)
Scrolls
 h - 2 scrolls of amnesia {unknown}
 j - a scroll of enchant weapon {unknown}
 l - a scroll of fear {unknown}
 n - a scroll of teleportation {unknown}
 p - a scroll of noise {unknown}
 q - a scroll of magic mapping {unknown}
Potions
 e - a potion of might {unknown}
 f - a potion of ambrosia {unknown}
 g - a potion of berserk rage {unknown}
 m - a potion of lignification {unknown}
 o - a potion of curing {unknown}
Books
 a - a book of Debilitation

   Spells                             Type                      Level
   a - Corona                         Hexes                        1
   b - Slow                           Hexes                        2
   c - Inner Flame                    Hexes/Fire                   3
   d - Portal Projectile              Hexes/Translocation          3
   e - Cause Fear                     Hexes                        4
   f - Leda's Liquefaction            Hexes/Earth                  4
Comestibles
 c - 3 rations
 r - 2 chunks of flesh


   Skills:
 - Level 1.1 Fighting
 - Level 1.7 Throwing
 - Level 1.7 Dodging
 + Level 3.8 Unarmed Combat
 - Level 1.0 Spellcasting
 - Level 2.6 Hexes


You had 4 spell levels left.
You knew the following spells:

 Your Spells              Type           Power        Failure   Level  Hunger
a - Corona                Hex            #......      9%          1    ##.....


Dungeon Overview and Level Annotations

Branches:
Dungeon (3/15)

Altars:
Xom


Innate Abilities, Weirdness & Mutations

Your plain brown scales are hard. (AC +5)
You cannot fit into any form of body armour.
You are cold-blooded and may be slowed by cold attacks.


Message History

The orc throws a tomahawk.
The tomahawk closely misses you.
The tomahawk closely misses the orc.
You closely miss the orc.
Your tail-slap misses the orc.
The orc hits you with a club.
The orc throws a tomahawk.
The tomahawk hits you but does no damage.
You take 4 damage, and have 25/35 hp.
You are too injured to fight recklessly!
The orc hits you but does no damage.
You see here a leather armour.
You completely miss the orc. The orc barely misses you.
You closely miss the orc. The orc closely misses you.
The orc hits you with a club.
You take 3 damage, and have 22/35 hp.
You closely miss the orc. The orc completely misses you.
The orc closely misses you.
The orc wizard casts a spell.
The orc wizard seems to speed up.
You hear a shout!
You hit the orc.
The orc is almost dead.
The orc misses you. The orc barely misses you.
You barely miss the orc.
The orc is almost dead.
The orc barely misses you.
You hit the orc.
You kill the orc!
The orc closely misses you.
There is a stone staircase leading up, spattered with blood here.
Things that are here:
a club; a tomahawk; an orc corpse Throwing (i - inventory. (,) - cycle):
b - 5 javelins (quivered)
Press: ? - help, Shift-Dir - straight line, f - orc
Aim: an orc, wielding a club and wearing a leather armour You throw a javelin.
The javelin hits the orc.
The orc is severely wounded.
The orc wizard completely misses you.
You climb upwards.
There is a stone staircase leading down here.
You barely miss the orc wizard. The orc wizard closely misses you.
You hit the orc wizard.
The orc wizard is moderately wounded.
The orc wizard misses you.
The orc wizard gestures at you while chanting.
The puff of frost hits you!
* * * LOW HITPOINT WARNING * * *
You take 6 damage, and have 17/35 hp.
You closely miss the orc wizard.
The orc wizard is moderately wounded.
The orc wizard barely misses you.
You barely miss the orc wizard.
The orc wizard is moderately wounded.
The orc wizard misses you.
The orc wizard hits you but does no damage.
You closely miss the orc wizard.
The orc wizard is moderately wounded.
The orc wizard hits you but does no damage.
You hit the orc wizard but do no damage.
The orc wizard is moderately wounded.
The orc wizard barely misses you.
You hit the orc wizard.
The orc wizard is moderately wounded.
The orc wizard hits you but does no damage.
The orc wizard misses you.
You hit the orc wizard but do no damage.
The orc wizard is moderately wounded.
The orc wizard hits you with a vampiric dagger.
* * * LOW HITPOINT WARNING * * *
You take 2 damage, and have 15/35 hp.
You closely miss the orc wizard.
The orc wizard is moderately wounded.
The orc wizard hits you but does no damage.
You hit the orc wizard but do no damage.
The orc wizard is moderately wounded.
The orc wizard hits you but does no damage. x2
You completely miss the orc wizard.
Your tail-slap misses the orc wizard.
The orc wizard is moderately wounded.
The orc wizard hits you with a vampiric dagger.
* * * LOW HITPOINT WARNING * * *
You take 1 damage, and have 14/35 hp.
You barely miss the orc wizard.
The orc wizard is moderately wounded.
The orc wizard casts a spell at you. The magic dart hits you!
* * * LOW HITPOINT WARNING * * *
You take 4 damage, and have 10/35 hp.
You closely miss the orc wizard.
The orc wizard is moderately wounded.
The orc wizard barely misses you.
The orc wizard gestures at you while chanting.
The puff of flame hits you!
* * * LOW HITPOINT WARNING * * *
You take 8 damage, and have 2/35 hp.
MASSIVE DAMAGE!!
Fire/throw which item? (* to show all) (? for menu, Esc to quit)
Press: ? - help, Shift-Dir - straight line, f - orc wizard
Aim: an orc wizard, wielding a vampiric dagger and wearing a robe (moderately wounded, fast)
You throw a throwing net.
The throwing net closely misses the orc wizard.
The orc wizard gestures at you while chanting.
The puff of flame hits you!
You die...

############## #(.....o@....#
#.##########.# # #.# #.# # #.#
######.############ # #.#
#(....)...........#
#########)#####.####.####.##.##.#
................# #.# #[##.##.#
#########.##########.# #.##.##.#
###### #...<........## #.##.##.#


You could see an orc wizard.

Vanquished Creatures
  2 adders (D:2)
  An ooze (D:1)
  A dart slug (D:1)
  3 leopard geckos
  5 orcs
  2 bats (D:1)
  A giant cockroach (D:2)
  7 hobgoblins
  5 jackals
  2 frilled lizards
  8 kobolds
  8 rats
45 creatures vanquished.

Notes
Turn   | Place    | Note
-------+----------+-------------------------------------------
     0 | D:1      | Monsterracer the Draconian Arcane Marksman began the quest for the Orb.
     0 | D:1      | Reached XP level 1. HP: 16/16 MP: 2/2
    12 | D:1      | HP: 8/16 [rat (1)]
    33 | D:1      | HP: 6/16 [jackal (2)]
    38 | D:1      | HP: 4/16 [jackal (1)]
    61 | D:1      | Reached skill level 1 in Unarmed Combat
    66 | D:1      | Reached XP level 2. HP: 9/23 MP: 3/3
   320 | D:1      | Reached skill level 2 in Unarmed Combat
   693 | D:1      | Reached XP level 3. HP: 28/28 MP: 4/4
  1223 | D:2      | Reached skill level 3 in Unarmed Combat
  1409 | D:2      | Found a shimmering altar of Xom.
  1539 | D:3      | Reached XP level 4. HP: 35/35 MP: 5/5
  1557 | D:3      | HP: 13/35 [orc/morningstar (6)]
  1564 | D:2      | HP: 11/35 [orc/morningstar (2)]
  1810 | D:2      | HP: 17/35 [orc wizard/puff of frost (7)]
  1816 | D:2      | HP: 15/35 [orc wizard/vampiric dagger (2)]
  1821 | D:2      | HP: 2/35 [orc wizard/puff of flame (8)]
  1822 | D:2      | Killed from afar by an orc wizard

Skill      XL: |  1  2  3 |
---------------+----------+-----
Unarmed Combat | 1 2 3 |  3.8
Fighting       | |  1.1
Throwing       | |  1.7
Dodging        | |  1.7
Spellcasting   | |  1.0
Hexes          | |  2.6

Action                   |  1- 3 |  4- 6 || total
-------------------------+-------+-------++-------
Melee: Unarmed           |   150 |    41 ||   191
       Tailslap          |    16 |     1 ||    17
       Punch             |     1 |     1 ||     2
Throw: Javelin           |     2 |     1 ||     3
       Throwing net      |       |     1 ||     1
  Eat: Chunk             |     2 |     1 ||     3
Armor: Skin              |    62 |     9 ||    71
Dodge: Dodged            |    99 |    34 ||   133

Vault maps used:
D:1:      dpeg_arrival_shelter
D:2:      tgw_xom, first_ration
D:3:      minmay_door_path, nicolae_dithmenos_shadow_blocks,
          chequers_ecumenical_altar_lobes, lemuel_another_geyser
